 Dungeon Sprint DCSS version 0.30-a0-116-g3b1a8e4ee4 (webtiles) character file.

Game seed: 4878223982817505063

13991 rocky1 the Warrior (level 11, -22/130 (175) HPs)
             Began as a Minotaur Fighter on Sept 13, 2022.
             Was an Initiate of Gozag.
             Annihilated by Rupert
             ... wielding a +2 great mace of draining
              (25 damage)
             ... in the Dungeon (Sprint III: "The Ten Rune Challenge").
             The game lasted 00:20:45 (5078 turns).

rocky1 the Warrior (Minotaur Fighter)               Turns: 5078, Time: 00:20:46

HP:   -22/130 (175) AC: 25    Str: 26    XL:     11   Next: 82%
MP:   10/10         EV:  2    Int:  5    God:    Gozag
Gold: 315           SH:  0    Dex:  9    Spells: 10/10 levels left

rFire   + . .      SeeInvis .    l - +5 halberd
rCold   + . .      Faith    .    (shield currently unavailable)
rNeg    . . .      Spirit   .    (body armour currently unavailable)
rPois   +          Reflect  .    (helmet currently unavailable)
rElec   +          Harm     .    (cloak currently unavailable)
rCorr   +          Rampage  .    (gloves currently unavailable)
Will    .....      Clarity  +    (boots currently unavailable)
Stlth   ++........ NoTele   +    (no amulet)
HPRegen 0.31/turn                (no ring)
MPRegen 0.12/turn                (no ring)

@: mighty, tree-form, resistant, hasted, very heavily drained, very quick
A: stationary, stasis, torment immunity, boosted hp, (horns 2), (retaliatory
headbutt), (iridescent scales 1), clarity
a: End Transformation, Renounce Religion, Potion Petition, Call Merchant, Bribe
Branch


You were in the Dungeon.
You worshipped Gozag.
Gozag was aware of your devotion.
You were a tree.
You visited 1 branch You collected 7545 gold pieces.
You spent 2846 gold pieces at shops.
You paid 4384 gold pieces to Gozag.

Inventory:

Hand Weapons
 a - a +0 trident
 l - a +5 halberd (weapon)
 t - a +0 long sword of holy wrath
 y - a +0 halberd of venom
Missiles
 m - 7 curare-tipped darts (quivered)
 w - 7 javelins
Armour
 b - the +1 chain mail of Dogmatism (melded) {Regen+ Stlth+}
   (You bought it in a shop in the Dungeon)

   Regen:     It increases your rate of health regeneration.
   Stlth:     It makes you more stealthy.
 c - a +0 buckler
 k - a +0 ring mail of cold resistance
 x - a +4 chain mail of fire resistance
Wands
 s - a wand of flame (18)
 v - a wand of paralysis (8)
Scrolls
 f - a scroll of fog
 g - a scroll of immolation
 i - a scroll of brand weapon
 j - 4 scrolls of blinking
 n - 2 scrolls of torment
 o - 4 scrolls of poison
 u - a scroll of enchant weapon
 B - a scroll of vulnerability {unknown}
Potions
 e - 5 potions of curing
 h - 2 potions of magic
 p - 2 potions of flight
 q - 4 potions of mutation
 z - a potion of ambrosia
 A - a potion of attraction
Miscellaneous
 d - a condenser vane
 r - a phantom mirror


   Skills:
 + Level 17.3 Fighting
 - Level 17.1 Polearms
 + Level 15.9 Armour
 + Level 12.6 Dodging
 - Level 3.0 Stealth
 - Level 13.1 Shields
 + Level 8.6 Evocations


You had 10 spell levels left.
You didn't know any spells.
Your spell library contained the following spells:

 Spells                   Type           Power      Damage    Failure   Level
 Portal Projectile        Hex/Tloc       0%         N/A       85%         3
 Tukima's Dance           Hex            0%         N/A       85%         3
 Blade Hands              Tmut           0%         N/A       100%        5


Dungeon Overview and Level Annotations

Branches:
Dungeon (1/1)

Altars:
Cheibriados
Dithmenos
Elyvilon
Fedhas
Gozag
Hepliaklqana
Kikubaaqudgha
Makhleb
Nemelex Xobeh
Okawaru
Qazlal
Ru
Sif Muna
Trog
Uskayaw
Vehumet
Wu Jian
Xom
Yredelemnul
Zin
The Shining One
Jiyva
Lugonu

Shops:
D *((!

Annotations:
D Rupert


Innate Abilities, Weirdness & Mutations

You are a tree.
Your roots penetrate the ground, keeping you stationary.
You cannot be teleported.
You are immune to unholy pain and torment.
Your maximum health is greatly increased.
Your equipment is partially melded.
((You have a pair of horns on your head.))
((You reflexively headbutt those who attack you in melee.))
((You are partially covered in iridescent scales. (AC +2)))
You possess an exceptional clarity of mind.


Message History

Rupert hits you with a +2 great mace of draining!!
You feel drained.
You hit Rupert.
Rupert is lightly wounded.
Rupert hits you with a +2 great mace of draining!!
You feel drained.
You slice Rupert like a ripe choko!!!
Rupert is moderately wounded.
You impale Rupert!!
Rupert is heavily wounded.
Rupert hits you with a +2 great mace of draining!!
You feel drained.
You hit Rupert.
Rupert is heavily wounded.
Rupert hits you with a +2 great mace of draining!!!
* * * LOW HITPOINT WARNING * * *
You feel drained.
* * * LOW HITPOINT WARNING * * *
You puncture Rupert!
Rupert is heavily wounded.
You slash Rupert!
Rupert is severely wounded.
Rupert hits you but does no damage.
You feel drained.
You slice Rupert!!
Rupert is severely wounded.
Rupert hits you with a +2 great mace of draining!
* * * LOW HITPOINT WARNING * * *
You feel drained.
* * * LOW HITPOINT WARNING * * *
Okay, then.
You cannot blink because you are held in place by your roots.
Okay, then.
Okay, then.
You slice Rupert!!
Rupert is almost dead.
You closely miss Rupert.
Rupert is almost dead.
Rupert hits you with a +2 great mace of draining!!
You die...
Your body crumbles into a pile of gold.

▓+#####).....)....#...#__#
▓.)...............#___#__+
▓▓▓▓▓▓▓▓▓▓▓▓▓▓▓▓▓▓▓▓▓▓▓▓▓▓
*, +≈~≈.~≈≈~.♣♣.....♣♣♣♣
,#~.≈.§.~~~♣♣.≈≈≈≈'♣♣'
#≈~§§§§≈≈~~'.....#.~♣
#~.§§§§.≈~♣♣♣♣♣♣♣#..♣
$#≈.≈~§~§.≈♣ ###' *
####♣###### ♣♣♣♣.
*........@...... ♣...#
*#+############# ♣♣.##
♣..# ♣♣.# ♣♣.# ♣... ####


You could see Rupert (berserk).

Vanquished Creatures
  Erolcha (D)
  Urug (D)
  4 orc high priests (D)
  A lindwurm (D)
  2 orc knights (D)
  A deep elf pyromancer (D)
  Edmund (D)
  2 cane toads (D)
  A rime drake (D)
  A komodo dragon (D)
  A queen bee (D)
  3 wandering mushrooms (D)
  2 tyrant leeches (D)
  5 blink frogs (D)
  A shadow (D)
  5 redbacks (D)
  A spatial vortex (D)
  A swamp drake (D)
  2 orc warriors (D)
  5 two-headed ogres (D)
  A necrophage (D)
  A water elemental (D)
  32 killer bees (D)
  An electric eel (D)
  A jelly (D)
  5 orc priests (D)
  Jessica (D)
  A wizard (D)
  A necromancer (D)
  2 orc wizards (D)
  3 humans (D)
  A kobold demonologist (D)
  A wolf (D)
  7 orcs (D)
  3 rats (D)
102 creatures vanquished.

Vanquished Creatures (others)
  Sigmund (D)
  8 plants (D)
9 creatures vanquished.

Grand Total: 111 creatures vanquished

Notes
Turn   | Place    | Note
-------+----------+-------------------------------------------
     0 | D        | rocky1 the Minotaur Fighter began the quest for the Orb.
     0 | D        | Reached XP level 1. HP: 19/19 MP: 0/0
    52 | D        | Noticed Jessica
    53 | D        | Killed Jessica
    54 | D        | Reached skill level 5 in Fighting
    54 | D        | Reached skill level 5 in Armour
    54 | D        | Reached skill level 5 in Shields
    54 | D        | Reached XP level 2. HP: 29/29 MP: 1/1
    88 | D        | Reached XP level 3. HP: 9/37 MP: 2/2
   351 | D        | Gained mutation: Your movements are slightly less
                  | encumbered by armour. (ER -2) [potion of mutation]
   351 | D        | Gained mutation: You sometimes lose your temper in combat.
                  | [potion of mutation]
   351 | D        | Gained mutation: You passively map a small area around you.
                  | [potion of mutation]
   374 | D        | Noticed a water elemental
   378 | D        | Killed a water elemental
   379 | D        | Reached skill level 5 in Polearms
   379 | D        | Reached XP level 4. HP: 29/47 MP: 3/3
   502 | D        | Found a hide-covered altar of Uskayaw.
   502 | D        | Found an iron altar of Okawaru.
   502 | D        | Found a bloodstained altar of Trog.
   502 | D        | Found an ornate altar of the Wu Jian Council.
   502 | D        | Noticed a human
   502 | D        | Noticed a human
   516 | D        | Killed a human
   517 | D        | Reached skill level 1 in Dodging
   517 | D        | Reached XP level 5. HP: 33/55 MP: 4/4
   521 | D        | HP: 2/55 [human (10)]
   523 | D        | Killed a human
   524 | D        | Reached XP level 6. HP: 18/63 MP: 5/5
   765 | D        | Noticed a shadow
   776 | D        | Killed a shadow
   777 | D        | Reached XP level 7. HP: 28/71 MP: 6/6
   779 | D        | Reached skill level 10 in Fighting
   995 | D        | Found a blossoming altar of Fedhas.
   995 | D        | Found a stormy altar of Qazlal.
   995 | D        | Found a snail-covered altar of Cheibriados.
   995 | D        | Found a burning altar of Makhleb.
   995 | D        | Found a shimmering altar of Xom.
   995 | D        | Noticed a spatial vortex
   997 | D        | Found a hazy altar of Hepliaklqana.
   997 | D        | Found an opulent altar of Gozag.
   997 | D        | Found a sparkling altar of Nemelex Xobeh.
   997 | D        | Found a corrupted altar of Lugonu.
   997 | D        | Found a viscous altar of Jiyva.
  1008 | D        | Killed a spatial vortex
  1009 | D        | Reached skill level 10 in Polearms
  1009 | D        | Reached skill level 10 in Armour
  1013 | D        | Became a worshipper of Gozag Ym Sagoz the Greedy
  1098 | D        | Found a basalt altar of Yredelemnul.
  1098 | D        | Found a shadowy altar of Dithmenos.
  1098 | D        | Found a sacrificial altar of Ru.
  1244 | D        | Lost mutation: You sometimes lose your temper in combat.
                  | [potion of mutation]
  1244 | D        | Lost mutation: You passively map a small area around you.
                  | [potion of mutation]
  1244 | D        | Lost mutation: Your movements are slightly less encumbered
                  | by armour. (ER -2) [potion of mutation]
  1244 | D        | Gained mutation: You are partially covered in iridescent
                  | scales. (AC +2) [potion of mutation]
  1244 | D        | Gained mutation: You possess an exceptional clarity of
                  | mind. [potion of mutation]
  1349 | D        | Found a glowing silver altar of Zin.
  1349 | D        | Found a glowing golden altar of the Shining One.
  1349 | D        | Found a white marble altar of Elyvilon.
  1350 | D        | Noticed a deep elf pyromancer
  1355 | D        | Killed a deep elf pyromancer
  1356 | D        | Reached XP level 8. HP: 79/82 MP: 7/7
  1472 | D        | Found a radiant altar of Vehumet.
  1472 | D        | Found a shimmering blue altar of Sif Muna.
  1472 | D        | Found an ancient bone altar of Kikubaaqudgha.
  1519 | D        | Reached skill level 1 in Stealth
  1525 | D        | Reached skill level 10 in Shields
  1645 | D        | Noticed a two-headed ogre
  1661 | D        | Killed a two-headed ogre
  1662 | D        | Reached skill level 5 in Dodging
  2010 | D        | Noticed an orc knight
  2010 | D        | Noticed an orc high priest
  2025 | D        | Killed an orc knight
  2026 | D        | Reached skill level 15 in Polearms
  2026 | D        | Reached XP level 9. HP: 91/91 MP: 8/8
  2028 | D        | Noticed an orc high priest
  2039 | D        | Killed an orc high priest
  2044 | D        | Killed an orc high priest
  2060 | D        | Noticed an orc knight
  2114 | D        | Killed an orc knight
  2367 | D        | Reached XP level 10. HP: 101/101 MP: 9/9
  2493 | D        | Found Uhoxamof's Magic Scroll Shoppe.
  2526 | D        | Bought a scroll of fog for 48 gold pieces
  2526 | D        | Bought a scroll of identify for 24 gold pieces
  2526 | D        | Bought a scroll of immolation for 48 gold pieces
  2526 | D        | Bought a scroll of brand weapon for 114 gold pieces
  2526 | D        | Bought a scroll of poison for 48 gold pieces
  2526 | D        | Bought a scroll of enchant weapon for 90 gold pieces
  2526 | D        | Bought 3 scrolls of blinking for 270 gold pieces
  2526 | D        | Bought 2 scrolls of poison for 96 gold pieces
  2588 | D        | Noticed Erolcha
  2595 | D        | Killed Erolcha
  3356 | D        | Reached skill level 15 in Fighting
  3384 | D        | Reached skill level 5 in Evocations
  3396 | D        | Bought a potion of curing for 39 gold pieces
  3396 | D        | Bought a potion of berserk rage for 65 gold pieces
  3396 | D        | Bought a potion of mutation for 104 gold pieces
  3396 | D        | Bought a potion of heal wounds for 65 gold pieces
  3396 | D        | Bought a potion of degeneration for 13 gold pieces
  3396 | D        | Bought a potion of curing for 39 gold pieces
  3415 | D        | Bought a potion of curing for 75 gold pieces
  3415 | D        | Bought a distressingly furry chain mail for 237 gold pieces
  3415 | D        | Identified the +1 chain mail of Dogmatism {Regen+ Stlth+}
                  | (You bought it in a shop in the Dungeon)
  3415 | D        | Bought a condenser vane for 1000 gold pieces
  3425 | D        | Noticed a cane toad
  3425 | D        | Noticed a cane toad
  3433 | D        | Killed a cane toad
  3434 | D        | Reached XP level 11. HP: 77/112 MP: 10/10
  3442 | D        | Reached skill level 10 in Dodging
  3771 | D        | HP: 2/113 [tyrant leech (23)]
  4411 | D        | Noticed a lindwurm
  4422 | D        | Killed a lindwurm
  4658 | D        | Noticed Urug
  4676 | D        | Killed Urug
  4677 | D        | Reached skill level 15 in Armour
  4771 | D        | Noticed a seven-headed hydra
  4771 | D        | Noticed a seven-headed hydra
  4805 | D        | Bought a runed halberd for 252 gold pieces
  4807 | D        | Bought a pink potion for 22 gold pieces
  4807 | D        | Bought a potion of curing for 75 gold pieces
  4807 | D        | Bought a fizzy clear potion for 22 gold pieces
  4807 | D        | Bought a scroll labelled JIKAOSK GEMUFF for 25 gold pieces
  4807 | D        | Bought a potion of curing for 75 gold pieces
  4847 | D        | Noticed Edmund
  4847 | D        | Noticed Sigmund
  4857 | D        | Killed Sigmund
  4865 | D        | Killed Edmund
  4950 | D        | Noticed a soul eater
  5065 | D        | Noticed Rupert
  5065 | D        | Paralysed by Rupert for 3 turns
  5076 | D        | HP: 5/135 [Rupert/+2 great mace of draining (12)]
  5078 | D        | Annihilated by Rupert

Illustrated notes

Levels and vault maps discovered:
D:        dungeon_sprint_mu [sprint_mu_entry_forest, sprint_mu_temple_rooms,
          sprint_mu_d1_spiders, sprint_mu_d2_genie, sprint_mu_d3_branching,
          sprint_mu_orc_legion, sprint_mu_elf_gauntlet, sprint_mu_hive_nellie,
          sprint_mu_lair_fedhas, sprint_mu_vaults_butterflies,
          sprint_mu_slime_circle, sprint_mu_swamp_cave, sprint_mu_snake_twists,
          sprint_mu_blade_basic, sprint_mu_crypt_fortress,
          sprint_mu_tomb_spiral, sprint_mu_vestibule_basic,
          sprint_mu_gehenna_hellfire, sprint_mu_dis_giant,
          sprint_mu_tartarus_statrot, sprint_mu_cocytus_islands, sprint_mu_zot1]

Skill      XL: |  1  2  3  4  5  6  7  8  9 10 11 |
---------------+----------------------------------+-----
Fighting       | 5 7 8 9 11 12 13 15 17 | 17.3
Armour         | 5 6 8 9 10 11 13 15 | 15.9
Shields        | 5 6 7 8 9 10 11 13 | 13.1
Polearms       | 3 4 5 7 8 9 12 15 17 | 17.1
Dodging        | 1 2 4 5 7 9 12 | 12.6
Stealth        | 2 3 |  3.0
Evocations     | 5 8 |  8.6

Action                   |  1- 3 |  4- 6 |  7- 9 | 10-12 || total
-------------------------+-------+-------+-------+-------++-------
Melee: Trident           |    29 |    23 |   132 |   329 ||   513
       Headbutt          |     3 |     1 |    29 |    50 ||    83
       Halberd           |       |       |       |    51 ||    51
Invok: Call Merchant     |       |       |       |     4 ||     4
       Potion Petition   |       |       |       |     2 ||     2
  Use: Potion            |     1 |     1 |     6 |     3 ||    11
       Scroll            |       |       |       |     3 ||     3
 Stab: Distracted        |       |       |       |     4 ||     4
       Sleeping          |       |       |       |     1 ||     1
Armor: Scale mail        |     1 |       |       |       ||     1
       Ring mail         |     3 |     3 |     4 |    30 ||    40
       Chain mail        |       |       |       |     8 ||     8
       Skin              |       |       |       |     1 ||     1
Dodge: Dodged            |     5 |     9 |    35 |   132 ||   181
Block: Buckler           |     3 |     6 |    20 |    56 ||    85

Table legend: (Time is in decaauts)
 A = Elapsed time spent in this place.
 B = Non-inter-level travel time spent in this place.
 C = Inter-level travel time spent in this place.
 D = Time resting spent in this place.
 E = Time spent auto-exploring this place.
 F = Levels seen in this place.
 G = Mean time per level.
                   A        B        C        D        E       F      G
               +--------+--------+--------+--------+--------+-----+--------+
         Total |   4975 |   4949 |     26 |   3354 |      0 |   1 | 4975.0 |
       Dungeon |   4975 |   4949 |     26 |   3354 |      0 |   1 | 4975.0 |
               +--------+--------+--------+--------+--------+-----+--------+

Top non-repeatable levels by time:
       D: 4975 daAuts
